 Dungeon Crawl Stone Soup version 0.21.0-3-g78d12a8bdd (webtiles) character file.

570655 Jannitor the Slayer (level 27, -12/184 HPs)
             Began as a Kobold Necromancer on Jan 6, 2018.
             Killed from afar by an orb of fire (36 damage)
             ... with a bolt of fire
             ... on level 5 of the Realm of Zot on Jan 9, 2018.
             The game lasted 07:45:41 (75328 turns).

Jannitor the Slayer (Kobold Necromancer)           Turns: 75328, Time: 07:45:42

Health: -12/184    AC: 24    Str:  4    XL:     27
Magic:  8/47       EV: 16    Int: 27    God:
Gold:   2736       SH:  4    Dex: 22    Spells: 7/67 levels left

rFire    + + .     SeeInvis .   i - staff of energy
rCold    + + +     Gourm    .   (shield currently unavailable)
rNeg     + . .     Faith    .   Z - +3 swamp dragon scales
rPois    +         Spirit   .   T - +2 hat
rElec    +         Reflect  .   s - +2 cloak {MR+}
rCorr    +         Harm     .   y - +2 pair of gloves {Dex+3}
MR       +++..                  F - +2 pair of boots
Stlth    +++.......             E - amulet of magic regeneration
HPRegen  0.00/turn              Y - ring "Leedimuo" {*Drain rElec rC+++ rN+ Stlth+}
MPRegen  0.55/turn              H - ring "Taihus" {rF+ rC+ Dex+2}

@: about to teleport, resistant, hasted, very quick
A: small, large bone plates 1, carnivore, screaming 1, inhibited regeneration,
weak 1, sturdy frame 1
}: 3/15 runes: decaying, slimy, gossamer
a: no special abilities


You were on level 5 of the Realm of Zot.
You were full.

You visited 11 branches of the dungeon, and saw 56 of its levels.
You also visited: Labyrinth, Sewer, Ice Cave and Desolation.

You collected 6387 gold pieces.
You spent 3651 gold pieces at shops.

Inventory:

Hand Weapons
 k - a +7 quarterstaff of pain
Armour
 g - the +15 Maxwell's patent armour {-Cast -Tele rElec MR+ rCorr}
   (You found it on level 11 of the Dungeon)

   It insulates you from electricity.
   It affects your resistance to hostile enchantments.
   It prevents spellcasting.
   It prevents most forms of teleportation.
   It protects you from acid and corrosion.
 s - a +2 cloak of magic resistance (worn)
 y - a +2 pair of gloves of dexterity (worn)
 F - a +2 pair of boots (worn)
 T - a +2 hat (worn)
 Z - +3 swamp dragon scales (worn)
Magical Staves
 f - an uncursed staff of death
 i - an uncursed staff of energy (weapon)
Jewellery
 b - the ring of Robustness {AC+8}
   (You took it off a minotaur in a labyrinth)

   [ring of protection]

   It affects your AC (+8).
 E - an amulet of magic regeneration (around neck)
 H - the ring "Taihus" (right hand) {rF+ rC+ Dex+2}
   (You found it on level 5 of the Pits of Slime)

   [ring of protection from cold]

   It affects your dexterity (+2).
   It protects you from fire.
   It protects you from cold.
 Y - the ring "Leedimuo" (left hand) {*Drain rElec rC+++ rN+ Stlth+}
   (You found it in a labyrinth)

   [ring of positive energy]

   It renders you almost immune to cold.
   It insulates you from electricity.
   It protects you from negative energy.
   It causes draining when unequipped.
   It makes you more stealthy.
Wands
 a - a wand of paralysis (29)
 e - a wand of iceblast (11)
 u - a wand of acid (18)
 x - a wand of digging (12)
 I - a wand of disintegration (39)
Scrolls
 m - 23 scrolls of remove curse
 q - 11 scrolls of teleportation
 B - 9 scrolls of fog
 C - 7 scrolls of identify
 M - 4 scrolls of vulnerability
 R - a scroll of enchant armour
 U - a scroll of summoning
 V - 9 scrolls of amnesia
 W - 4 scrolls of blinking
 X - 3 scrolls of fear
Potions
 d - 5 potions of mutation
 j - 5 potions of brilliance
 n - 5 potions of cancellation
 o - 4 potions of agility
 r - 3 potions of curing
 t - 10 potions of flight
 z - 4 potions of resistance
 J - 8 potions of haste
 L - 8 potions of might
 N - 6 potions of ambrosia
 P - 4 potions of invisibility
 S - 3 potions of berserk rage
Books
 h - a book of Alchemy

   Spells                             Type                      Level
   a - Sublimation of Blood           Necromancy                   2
   b - Ignite Poison                  Fire/Transmutation/Poison    3
   c - Petrify                        Transmutation/Earth          4
   d - Alistair's Intoxication        Transmutation/Poison         5
   e - Irradiate                      Conjuration/Transmutation    5
 l - a book of Summonings

   Spells                             Type                      Level
   a - Recall                         Summoning/Translocation      3
   b - Aura of Abjuration             Summoning                    5
   c - Summon Demon                   Summoning                    5
   d - Summon Forest                  Summoning/Translocation      5
   e - Summon Mana Viper              Hexes/Summoning              5
   f - Shadow Creatures               Summoning                    6
 D - a book of the Tempests

   Spells                             Type                      Level
   a - Static Discharge               Conjuration/Air              3
   b - Lightning Bolt                 Conjuration/Air              5
   c - Ignition                       Fire                         8
   d - Tornado                        Air                          9
   e - Shatter                        Earth                        9
 K - a book of Changes

   Spells                             Type                      Level
   a - Beastly Appendage              Transmutation                1
   b - Sticks to Snakes               Transmutation                2
   c - Spider Form                    Transmutation/Poison         3
   d - Ice Form                       Ice/Transmutation            4
   e - Blade Hands                    Transmutation                5
 Q - the Collected Works on Hurtful Clay
   (You found it in the Desolation of Salt)

   Spells                             Type                      Level
   a - Static Discharge               Conjuration/Air              3
   b - Iron Shot                      Conjuration/Earth            6
   c - Spellforged Servitor           Conjuration/Summoning        7
   d - Shatter                        Earth                        9
Miscellaneous
 p - a lamp of fire
 v - 3 phantom mirrors
 w - a phial of floods
 A - 3 boxes of beasts
Comestibles
 c - 57 rations


   Skills:
 + Level 21.7 Fighting
   Level 1.3 Short Blades
   Level 2.3(8.5) Polearms
 + Level 13.4(13.5) Staves
 - Level 8.7 Armour
 - Level 7.8 Dodging
 - Level 2.6 Stealth
 + Level 20.6 Spellcasting
 - Level 10.7 Conjurations
 + Level 12.6 Summonings
 - Level 15.3 Necromancy
 - Level 10.4 Ice Magic
 - Level 7.3 Air Magic
 - Level 12.0 Earth Magic
 + Level 19.1 Evocations


You had 7 spell levels left.
You knew the following spells:

 Your Spells              Type           Power        Failure   Level  Hunger
a - Bolt of Draining      Conj/Necr      #######...   1%          5    None
b - Animate Skeleton      Necr           N/A          0%          1    None
c - Vampiric Draining     Necr           #######...   0%          3    None
d - Regeneration          Chrm/Necr      ######....   1%          3    None
e - Call Canine Familiar  Summ           #######.     1%          3    None
f - Borgnjor's Vile Clut  Necr/Erth      #######...   1%          5    None
g - Summon Butterflies    Summ           #######.     0%          1    None
h - Apportation           Tloc           ####..       3%          1    None
i - Summon Lightning Spi  Summ/Air       ######..     1%          4    None
j - Simulacrum            Ice/Necr       #######...   2%          6    None
k - Dispel Undead         Necr           #######.     1%          5    None
l - Aura of Abjuration    Summ           #######...   1%          5    None
m - Blink                 Tloc           N/A          4%          2    None
n - Animate Dead          Necr           N/A          1%          4    None
o - Iron Shot             Conj/Erth      ######....   4%          6    None
p - Shadow Creatures      Summ           N/A          2%          6    None


Dungeon Overview and Level Annotations

Branches:
Dungeon (15/15)            Temple (0/1) D:7            Lair (6/6) D:8
  Swamp (4/4) Lair:4       Spider (4/4) Lair:2        Slime (5/5) Lair:6
    Orc (2/2) D:12            Elf (3/3) Orc:2        Vaults (4/5) D:14
  Crypt (3/3) Vaults:3       Tomb (0/3) Crypt:3      Depths (5/5) D:15
    Zot (5/5) Depths:5

Altars:
Ashenzari
Elyvilon
Fedhas
Makhleb
Nemelex Xobeh
Qazlal
Ru
Vehumet
Xom
Yredelemnul
Beogh
Jiyva

Shops:
D:8 }   D:14 (   Orc:2 ([*}%   Vaults:1 =:[=:   Vaults:2 *}

Portals:
Hell: Depths:1 Depths:2 Depths:3 Depths:4 Depths:5
Abyss: Depths:3 Depths:4
Pandemonium: Orc:2 Depths:3
Ziggurat: Depths:4
Trove: Depths:4 (show abyssal rune of Zot)

Annotations:
D:4 exclusion: 2 phantoms
D:6 1 runed door
D:8 Gastronok
D:9 exclusion: statue
Spider:3 exclusion: downstairs
Elf:2 3 runed doors


Innate Abilities, Weirdness & Mutations

You are small and have problems with some larger weapons.
You are carnivorous and can eat meat at any time.
You are partially covered in large bone plates. (SH +4)
You occasionally shout uncontrollably at your foes.
You do not regenerate when monsters are visible.
You are weak. (Str -2)
Your movements are slightly less encumbered by armour. (ER -2)


Message History

Your quicksilver dragon completely misses the orb of fire.
Your quicksilver dragon claws the orb of fire!
Unknown command.
Unknown command.
Unknown command.
You feel better.
The orb of fire glows bright magenta.
Strange energies course through your body.
You feel weaker.
Your moth of wrath goads your quicksilver dragon on!
Your quicksilver dragon goes berserk!
Your quicksilver dragon completely misses the orb of fire.
Your quicksilver dragon claws the orb of fire!
Unknown command.
Your quicksilver dragon completely misses the orb of fire.
Your quicksilver dragon misses the orb of fire.
The orb of fire glows deep purple.
The bolt of fire hits your quicksilver dragon.
The bolt of fire hits you! You resist.
You die...

##▓...................▓▓
#......................▓▓
........................▓
........................▓
...................[...▓▓
......................▓▓
....)................▓▓
......................▓▓
...^.....Zy.....@......▓*
.........Z.*D...........▓
..........Zy............▓
▓......................▓▓
▓▓▓...................▓▓
▓▓▓▓.............▓▓▓▓
▓▓▓▓▓▓▓▓▓▓▓▓▓▓▓


You could see an orb of fire, a friendly quicksilver dragon (berserk), 2
friendly moths of wrath, a friendly black draconian zombie, a friendly purple
draconian zombie and a friendly red draconian zombie.

Vanquished Creatures
  the Royal Jelly (Slime:5)
  An ancient lich (Zot:5)
  2 juggernauts (Depths:3)
  Boris (Vaults:3)
  Margery (Depths:3)
  Bai Suzhen (Vaults:3)
  the Lernaean hydra (Swamp:4)
  A caustic shrike (Depths:2)
  A Killer Klown (Zot:5)
  A curse toe (Zot:4)
  3 golden dragons (Zot:5)
  A profane servitor (Crypt:3)
  A bone dragon (Crypt:3)
  Jory (Crypt:3)
  An electric golem (Zot:1)
  4 liches
  7 tentacled monstrosities
  3 Orb Guardians (Zot:5)
  4 titans
  3 quicksilver dragons
  10 acid blobs
  3 deep elf blademasters (Elf:3)
  2 death cobs
  The ghost of Kloppie the Warrior, an adept MiFi of Okawaru (Swamp:4)
  2 deep elf master archers (Elf:3)
  2 sphinxes
  An ancient champion (Crypt:3)
  4 revenants
  Kirke (D:12)
  A shadow dragon (Zot:5)
  Roxanne (Spider:2)
  A tengu reaver (Vaults:4)
  A draconian monk (Zot:5)
  2 storm dragons
  7 azure jellies
  6 frost giants
  5 ghost moths
  9 vault wardens
  2 imperial myrmidons (Desolation)
  2 deep elf sorcerers
  An emperor scorpion (Spider:1)
  6 fire giants
  An orc warlord (Orc:1)
  A balrug (Depths:3)
  A draconian shifter (Zot:5)
  A caustic shrike zombie (Depths:3)
  An iron dragon (Depths:3)
  3 draconian knights
  6 deep elf elementalists (Elf:3)
  2 draconian stormcallers (Zot:5)
  A draconian annihilator (Zot:5)
  2 entropy weavers
  10 ironheart preservers
  A war gargoyle (Vaults:4)
  A ghoul (Crypt:3)
  13 stone giants
  Nessos (D:13)
  3 very ugly things
  3 spriggan defenders (Depths:3)
  3 deep elf annihilators
  4 purple draconians
  8 vampire knights
  2 deep elf demonologists
  A green draconian (Zot:2)
  4 black draconians
  A spectral titan (Crypt:3)
  3 yellow draconians (Zot:5)
  2 red draconians
  2 halazid warlocks (Desolation)
  A spark wasp (Spider:4)
  5 white draconians
  An eidolon (Crypt:2)
  12 ettins
  9 deep elf death magi
  9 fire dragons
  2 death oozes (Slime:5)
  26 jiangshi
  5 ragged hierophants
  Josephine (Orc:1)
  16 great orbs of eyes
  A minotaur (Lab)
  10 yaktaur captains
  Harold (Orc:1)
  5 servants of whispers (Desolation)
  4 deep elf high priests
  12 ice dragons
  9 vault guards
  3 rakshasas
  A ghost crab (Swamp:1)
  6 death knights
  5 peacekeepers (Desolation)
  12 centaur warriors
  12 hydras
  3 spriggan air magi
  2 catoblepae
  27 two-headed ogres
  A two-headed ogre (shapeshifter) (Depths:2)
  22 dancing weapons
  8 deep troll shamans
  5 death scarabs (Spider:4)
  2 alligators
  7 deep troll earth magi
  8 ogre magi
  5 death yaks (Lair:6)
  A tengu warrior (Depths:3)
  10 vampire magi
  7 orc high priests
  5 spriggan berserkers
  11 deep elf knights
  3 sun demons
  11 hell knights
  2 iron trolls (Depths:3)
  37 skeletal warriors
  An infernal demonspawn (Orc:2)
  3 shadow wraiths
  A wizard (Vaults:3)
  3 flayed ghosts (Crypt:3)
  7 swamp dragons
  Pikel (D:6)
  3 phantasmal warriors
  15 deep elf archers
  28 deep trolls
  A spriggan druid (Swamp:4)
  16 ironbrand convokers
  A glowing orange brain (Vaults:1)
  A shambling mangrove (Swamp:2)
  A large abomination (Crypt:3)
  3 harpies (Vaults:3)
  13 necromancers
  13 orc knights
  8 orb spiders
  24 ugly things
  A wolf spider zombie (Spider:4)
  3 human zombies
  20 wolf spiders
  A wolf spider (shapeshifter) (Elf:2)
  2 shining eyes
  6 orc sorcerers
  54 deep elf magi
  3 stone giant zombies
  2 salamanders (Depths:1)
  A spectral ettin (Crypt:3)
  3 moths of wrath
  8 cyclopes
  2 fire giant zombies (Vaults:4)
  A guardian serpent (Desolation)
  9 apocalypse crabs (Depths:4)
  2 black mambas
  8 elephants
  A black mamba (shapeshifter) (Elf:1)
  5 spectral swamp worms
  A gargoyle (D:14)
  5 eyes of devastation
  2 torpor snails
  9 vault sentinels
  3 centaur skeletons
  15 spiny frogs
  2 yaktaur zombies
  An efreet (D:14)
  2 rime drakes (shapeshifter)
  A spectral redback (Spider:4)
  A rime drake (Lair:6)
  10 freezing wraiths
  31 yaktaurs
  A red draconian skeleton (Crypt:1)
  A redback zombie (Spider:4)
  15 demonic crawlers
  5 komodo dragons
  A red devil (Orc:2)
  2 polar bears
  3 tengu conjurers
  A queen bee (Spider:2)
  2 meliai (shapeshifter)
  A sphinx simulacrum (Depths:3)
  A white draconian skeleton (Crypt:1)
  10 trolls
  13 jumping spiders
  3 meliai (Spider:2)
  Prince Ribbit (D:8)
  18 hornets
  A hornet (shapeshifter) (Depths:1)
  5 tyrant leeches
  27 saltlings
  3 bog bodies
  9 blink frogs
  A deep troll zombie (D:15)
  54 slime creatures
  7 dream sheep
  A jumping spider zombie (Spider:4)
  A tarantella zombie (Spider:4)
  4 hippogriffs
  3 stone giant simulacra
  A centaur simulacrum (D:12)
  14 spriggans
  59 flying skulls
  A spectral black mamba (Crypt:3)
  2 wyverns
  36 redbacks
  An ice dragon skeleton (Crypt:2)
  3 air elementals
  A vampire (D:14)
  19 tarantellas
  6 water elementals
  2 shadows (Crypt:3)
  3 wraiths
  A fire elemental (Elf:1)
  38 yaks
  A wyvern (shapeshifter) (Depths:2)
  4 hogs (D:12)
  4 basilisks
  6 golden eyes (Slime:5)
  A chaos spawn (Orc:2)
  A golden eye (shapeshifter) (Vaults:4)
  14 vampire mosquitoes
  A torturous demonspawn zombie (Crypt:2)
  A spriggan simulacrum (Depths:2)
  16 insubstantial wisps
  6 water moccasins
  11 swamp worms
  4 wargs
  2 acid dragons (Vaults:2)
  5 porcupines
  Duvessa (D:6)
  36 orc warriors
  3 sky beasts
  2 ice beasts
  A swamp dragon zombie (Crypt:1)
  7 swamp drakes
  3 black bears
  An eye of draining (D:13)
  A snapping turtle zombie (Crypt:2)
  4 necrophages (Crypt:3)
  An orc zombie (Vaults:2)
  6 wolves
  16 ogres
  2 human skeletons (Vaults:3)
  8 centaurs
  10 crocodiles
  16 bullfrogs
  Dowan (D:6)
  3 earth elementals (Elf:1)
  A gnoll sergeant (D:11)
  A wyvern skeleton (D:6)
  4 scorpions
  An elf simulacrum (Vaults:4)
  24 killer bees
  A polar bear skeleton (Crypt:2)
  3 electric eels
  A spriggan skeleton (Crypt:1)
  3 small abominations (Crypt:3)
  6 crimson imps
  A bullfrog zombie (D:9)
  2 centaur zombies
  A soldier ant zombie (Crypt:2)
  4 hounds
  2 quasits
  2 bullfrog skeletons
  19 orc priests
  5 jellies
  6 orc wizards
  7 worker ants
  A felid skeleton (Crypt:1)
  A crocodile skeleton (Crypt:2)
  2 hound zombies
  2 worker ant zombies
  A swamp drake zombie (Crypt:2)
  A steam dragon zombie (Crypt:1)
  11 adders
  4 gnolls (D:11)
  2 shadow imps
  A white imp (IceCv)
  An ufetubus (IceCv)
  5 oozes (D:8)
  An iguana skeleton (Crypt:1)
  2 worms
  3 dart slugs
  14 leopard geckos
  51 orcs
  A ball python (Sewer)
  14 giant cockroaches
  7 goblins
  9 hobgoblins
  2 jackals (D:6)
  5 kobolds
  3 quokkas
  6 bats
  6 frilled lizards
  A giant cockroach zombie (D:5)
  A goblin zombie (Crypt:1)
  6 rats
  A bush (Lair:6)
  6 fungi
  6 plants
  3 withered plants (D:15)
1747 creatures vanquished.

Vanquished Creatures (collateral kills)
  A golden dragon (Zot:5)
  A Killer Klown (Zot:5)
  A bone dragon (Depths:5)
  10 Orb Guardians (Zot:5)
  An electric golem (Zot:5)
  3 tentacled monstrosities
  A titan (Depths:3)
  4 acid blobs
  Frances (D:12)
  2 death cobs
  A thorn hunter (Swamp:3)
  2 shadow dragons
  2 storm dragons
  An azure jelly (Slime:5)
  3 fire giants
  2 draconian monks (Zot:5)
  An imperial myrmidon (Desolation)
  2 deep elf sorcerers
  A vault warden (Vaults:2)
  2 ghost moths
  A draconian scorcher (Zot:5)
  2 draconian stormcallers
  4 emperor scorpions (Spider:4)
  3 frost giants
  3 draconian shifters (Zot:5)
  6 ironheart preservers
  A spriggan defender (Depths:4)
  5 stone giants
  2 very ugly things
  A green draconian (Zot:5)
  4 purple draconians
  6 black draconians (Zot:5)
  A yellow draconian (Zot:5)
  A deep elf annihilator (Elf:3)
  2 white draconians (Zot:5)
  2 deep elf demonologists (Elf:3)
  A red draconian (Zot:5)
  Snorg (D:12)
  A death ooze (Slime:5)
  2 ragged hierophants (Desolation)
  6 fire dragons
  2 deep elf death magi
  The ghost of Manul the Protected, a journeyman VSAs of Gozag (Orc:2)
  4 yaktaur captains
  5 vault guards
  A servant of whispers (Desolation)
  2 rakshasas
  6 hydras (Swamp:4)
  A spriggan air mage (Depths:4)
  2 peacekeepers (Desolation)
  3 ice dragons
  4 centaur warriors
  A ghost crab (Swamp:4)
  5 ogre magi
  A deep troll shaman (Depths:1)
  7 two-headed ogres
  An alligator (Swamp:2)
  A death knight (Crypt:1)
  2 death scarabs (Spider:4)
  Erica (D:12)
  A tengu warrior (Depths:4)
  5 deep troll earth magi
  3 orc high priests (Orc:2)
  A fire crab (shapeshifter) (D:15)
  3 shadow wraiths
  An iron troll (Depths:3)
  5 deep elf knights
  4 hell knights (Depths:4)
  4 deep trolls
  A salamander mystic (Depths:1)
  An infernal demonspawn (Orc:2)
  3 flayed ghosts (Vaults:1)
  An unseen horror (shapeshifter) (Vaults:4)
  A spriggan druid (Swamp:4)
  4 unseen horrors
  3 deep elf archers
  2 wizards
  5 swamp dragons
  A lindwurm (Lair:6)
  A lindwurm (shapeshifter) (Depths:4)
  4 ironbrand convokers
  A phantasmal warrior (D:14)
  4 harpies
  2 necromancers
  2 spectral wolf spiders (Spider:4)
  A mana viper (shapeshifter) (Vaults:3)
  10 deep elf magi
  An orc sorcerer (Orc:2)
  2 orc knights
  A golden dragon skeleton (D:15)
  13 wolf spiders
  2 cyclopes
  A shining eye (Slime:5)
  11 ugly things
  2 orb spiders (Spider:1)
  5 moths of wrath
  A salamander (Depths:5)
  2 centaur zombies
  An elephant (Lair:6)
  A stone giant skeleton (Vaults:4)
  2 fire giant skeletons
  2 vault sentinels
  6 spiny frogs
  A smoke demon (Orc:2)
  A guardian serpent (Desolation)
  A spectral redback (Spider:4)
  4 centaur skeletons
  2 spriggan zombies (Depths:2)
  4 demonic crawlers
  5 yaktaurs
  An ice devil (Orc:2)
  A freezing wraith (Vaults:2)
  22 jumping spiders
  6 tyrant leeches
  7 trolls
  Grinder (D:6)
  12 hornets
  3 spectral jumping spiders (Spider:4)
  12 saltlings (Desolation)
  A troll (shapeshifter) (Elf:1)
  32 slime creatures
  3 spectral tarantellas (Spider:4)
  A tengu simulacrum (Depths:3)
  A raiju (shapeshifter) (Vaults:1)
  4 jumping spider zombies (Spider:4)
  A polar bear (shapeshifter) (Vaults:1)
  8 blink frogs
  5 bog bodies
  3 hippogriffs
  2 tarantellas
  3 shadows
  3 spriggans
  A fire giant simulacrum (Depths:2)
  31 redbacks
  An air elemental (Elf:1)
  An elf zombie (Depths:3)
  A fire elemental (Elf:2)
  6 wraiths
  10 hungry ghosts
  5 yaks
  A human simulacrum (Vaults:1)
  15 vampire mosquitoes
  Menkaure (D:6)
  14 insubstantial wisps
  A warg (Orc:1)
  2 acid dragons
  5 swamp worms
  2 water moccasins (Lair:4)
  A spectral hornet (Spider:4)
  2 porcupines (Lair:1)
  7 swamp drakes
  12 orc warriors
  A human zombie (Vaults:2)
  An ice beast (D:14)
  A spiny frog skeleton (Crypt:3)
  3 phantoms
  5 centaurs (D:13)
  3 wolves
  6 ogres
  5 crocodiles
  6 bullfrogs
  A wyvern skeleton (D:8)
  8 killer bees (Spider:2)
  A howler monkey (D:7)
  A bullfrog zombie (D:13)
  A crimson imp (D:6)
  A jelly (Lair:6)
  A bullfrog skeleton (D:7)
  A hound (D:14)
  5 orc priests (Orc:2)
  2 iguanas
  5 orc wizards
  3 worker ants (D:14)
  An adder (D:10)
  2 shadow imps
  2 adder zombies
  A leopard gecko (Sewer)
  18 orcs
  A ball python (Sewer)
  A giant cockroach (Sewer)
  A jackal (D:6)
  A quokka (D:12)
  A frilled lizard (Sewer)
  A giant cockroach zombie (D:8)
  4 crawling corpses (Elf:3)
  4 fungi
  3 plants
645 creatures vanquished.

Vanquished Creatures (others)
  A fire giant (D:15)
  A red draconian (Zot:5)
  A death scarab (Spider:4)
  A wizard (Depths:3)
  A swamp dragon (Swamp:1)
  2 wolf spiders
  A vampire mosquito (Swamp:2)
  2 floating eyes (Elf:1)
  A swamp drake (Swamp:4)
  2 slaves (D:6)
  A white imp (IceCv)
  2 ufetubi (IceCv)
  2 bushes (D:8)
  19 fungi
  20 plants
57 creatures vanquished.

Grand Total: 2449 creatures vanquished

Notes
Turn   | Place    | Note
-------+----------+-------------------------------------------
     0 | D:1      | Jannitor the Kobold Necromancer began the quest for the Orb.
     0 | D:1      | Reached XP level 1. HP: 10/10 MP: 3/3
   321 | D:1      | Learned a level 1 spell: Animate Skeleton
   331 | D:1      | Reached XP level 2. HP: 11/15 MP: 0/5
  1248 | D:2      | Reached XP level 3. HP: 14/20 MP: 0/6
  1366 | D:2      | Reached skill level 1 in Fighting
  2188 | D:3      | Learned a level 3 spell: Vampiric Draining
  2299 | D:3      | Reached skill level 5 in Necromancy
  2692 | D:3      | Reached XP level 4. HP: 17/26 MP: 0/7
  3058 | D:3      | Reached skill level 2 in Fighting
  3757 | D:4      | Identified the Reference Book on Dark Magic and Companions
  3802 | D:4      | Reached XP level 5. HP: 28/32 MP: 3/8
  3881 | D:4      | Reached skill level 3 in Fighting
  3948 | D:4      | Learned a level 3 spell: Regeneration
  4124 | D:4      | Noticed a phantom
  4440 | D:4      | Noticed a phantom
  4505 | D:4      | Found a sacrificial altar of Ru.
  4505 | D:4      | Found a stormy altar of Qazlal.
  4510 | D:4      | Found a white marble altar of Elyvilon.
  4512 | D:4      | Found a burning altar of Makhleb.
  4514 | D:4      | Found a blossoming altar of Fedhas.
  4557 | D:5      | Entered Level 5 of the Dungeon
  4564 | D:4      | Reached XP level 6. HP: 20/37 MP: 2/9
  4970 | D:5      | Found a glowing drain.
  4979 | Sewer    | Entered a sewer
  5264 | Sewer    | Reached skill level 4 in Fighting
  5264 | Sewer    | Reached skill level 1 in Short Blades
  5544 | D:5      | Found a burning altar of Makhleb.
  5756 | D:6      | Reached XP level 7. HP: 43/43 MP: 11/11
  5767 | D:6      | Reached skill level 1 in Evocations
  5837 | D:6      | Noticed Grinder
  5837 | D:6      | Paralysed by Grinder for 7 turns
  5976 | D:6      | Noticed Pikel
  6044 | D:7      | Learned a level 3 spell: Call Canine Familiar
  6129 | D:7      | Reached XP level 8. HP: 34/48 MP: 13/13
  6158 | D:6      | Reached skill level 5 in Fighting
  6158 | D:6      | Reached skill level 1 in Summonings
  6264 | D:6      | Killed Pikel
  6303 | D:6      | Killed Grinder
  6303 | D:6      | Reached XP level 9. HP: 45/55 MP: 16/16
  6415 | D:6      | Reached skill level 5 in Spellcasting
  6618 | D:6      | Reached skill level 6 in Fighting
  6650 | D:6      | Found a runed door.
  6965 | D:6      | Noticed Duvessa
  6966 | D:6      | Noticed Dowan
  6974 | D:6      | Noticed Menkaure
  6980 | D:6      | Killed Duvessa
  6980 | D:6      | Reached skill level 5 in Evocations
  7371 | D:6      | Killed Dowan
  7622 | D:7      | Found a sparkling altar of Nemelex Xobeh.
  7819 | D:7      | Found a staircase to the Ecumenical Temple.
  7902 | D:7      | Reached skill level 1 in Armour
  8057 | D:6      | Killed Menkaure
  8266 | D:7      | Reached XP level 10. HP: 47/61 MP: 4/18
  8537 | D:8      | Noticed Gastronok
  8629 | D:8      | Reached skill level 7 in Fighting
  8702 | D:8      | Noticed Prince Ribbit
  8739 | D:8      | Killed Prince Ribbit
  9078 | D:8      | Reached skill level 5 in Summonings
  9458 | D:8      | Found a staircase to the Lair.
  9700 | D:8      | Found Yfrooh's Gadget Emporium.
  9703 | D:8      | Bought a box of beasts for 220 gold pieces
  9703 | D:8      | Bought a wand of disintegration (18) for 242 gold pieces
  9898 | D:9      | Found a radiant altar of Vehumet.
 10066 | D:9      | Learned a level 5 spell: Borgnjor's Vile Clutch
 10594 | Lair:1   | Entered Level 1 of the Lair of Beasts
 10642 | Lair:1   | Noticed a six-headed hydra
 10647 | Lair:1   | Noticed a spiny frog
 10676 | Lair:1   | Killed a spiny frog
 10739 | Lair:1   | Noticed a six-headed hydra
 10742 | Lair:1   | Killed a six-headed hydra
 10742 | Lair:1   | Reached skill level 8 in Fighting
 10742 | Lair:1   | Reached XP level 11. HP: 59/68 MP: 21/21
 11222 | Lair:1   | Killed a six-headed hydra
 11493 | Lair:1   | Got a translucent leather armour
 11533 | Lair:1   | Identified the cursed +0 leather armour of the Cockroach {MR- MP+9 Dex+3} (You found it on level 1 of the Lair of Beasts)
 11557 | Lair:1   | Found a shattered altar of Ashenzari.
 12463 | Lair:2   | Found a frozen archway.
 12471 | IceCv    | Entered an ice cave
 12538 | Lair:2   | Reached skill level 1 in Earth Magic
 13247 | Lair:2   | Noticed a five-headed hydra
 13263 | Lair:2   | Killed a five-headed hydra
 13263 | Lair:2   | Reached skill level 5 in Earth Magic
 13407 | Lair:2   | Reached XP level 12. HP: 67/75 MP: 21/23
 13865 | Lair:2   | Found a hole to the Spider Nest.
 14238 | Lair:3   | Learned a level 1 spell: Summon Butterflies
 14401 | Lair:3   | Reached skill level 9 in Fighting
 14604 | Lair:3   | Identified the +4 leather armour "Sotikam" {SInv} (You found it on level 3 of the Lair of Beasts)
 15010 | Lair:4   | Found a staircase to the Swamp.
 15455 | Lair:4   | Reached skill level 10 in Fighting
 15475 | Lair:4   | Noticed a five-headed hydra
 15484 | Lair:4   | Killed a five-headed hydra
 15533 | Lair:4   | You fall through a shaft for 2 floors!
 15533 | Lair:6   | Entered Level 6 of the Lair of Beasts
 15662 | Lair:5   | Learned a level 1 spell: Apportation
 15683 | Lair:4   | Reached XP level 13. HP: 65/83 MP: 12/24
 15836 | Lair:5   | Reached skill level 11 in Fighting
 16035 | Lair:5   | Learned a level 4 spell: Summon Lightning Spire
 16072 | Lair:5   | Reached skill level 1 in Air Magic
 16675 | Lair:6   | Noticed a seven-headed hydra
 16681 | Lair:6   | Killed a seven-headed hydra
 16719 | Lair:6   | Upgraded the game from 0.21-b1-23-g1fb0a74c36 to 0.21.0
 16804 | Lair:6   | Reached skill level 10 in Earth Magic
 16968 | Lair:6   | Noticed a catoblepas
 16988 | Lair:6   | Reached skill level 12 in Fighting
 16991 | Lair:6   | Killed a catoblepas
 17038 | Lair:6   | Reached skill level 5 in Air Magic
 17210 | Lair:6   | Found a staircase to the Slime Pits.
 17312 | Lair:6   | Reached XP level 14. HP: 76/92 MP: 16/25
 18156 | D:9      | Identified the +2 falchion of Eqeriqu {flame, rC+ Int+4} (You found it on level 9 of the Dungeon)
 18409 | D:10     | Entered Level 10 of the Dungeon
 18687 | D:10     | Got a steaming buckler
 18717 | D:10     | Found a shimmering altar of Xom.
 19726 | D:11     | Found the +15 Maxwell's patent armour {-Cast -Tele rElec MR+ rCorr}
 19759 | D:11     | Identified a scroll of acquirement
 19851 | D:12     | Noticed Kirke
 19860 | D:12     | Noticed Snorg
 19860 | D:12     | Killed Kirke
 19964 | D:12     | Noticed a purple very ugly thing
 19965 | D:12     | Noticed a sphinx
 19972 | D:12     | Reached skill level 5 in Armour
 19976 | D:12     | Killed a purple very ugly thing
 19976 | D:12     | Reached skill level 13 in Fighting
 19979 | D:12     | Killed a sphinx
 20017 | D:12     | Noticed Frances
 20029 | D:12     | Killed Frances
 20136 | D:12     | Found a shimmering altar of Xom.
 20234 | D:12     | Identified the cursed +0 buckler of Death's Door {rElec rPois Stlth+} (You found it on level 10 of the Dungeon)
 20434 | D:12     | Found a staircase to the Orcish Mines.
 20759 | D:12     | Killed Snorg
 20920 | Orc:1    | Entered Level 1 of the Orcish Mines
 20926 | Orc:1    | Noticed Josephine
 21360 | Orc:1    | Killed Josephine
 21376 | Orc:1    | Noticed Erica
 21449 | D:12     | Killed Erica
 21518 | Orc:1    | Reached XP level 15. HP: 40/99 MP: 15/28
 21542 | Orc:1    | Noticed an orc warlord
 21576 | Orc:1    | Killed an orc warlord
 21718 | Orc:1    | Noticed Harold
 21726 | Orc:1    | Killed Harold
 21978 | Orc:1    | Found a roughly hewn altar of Beogh.
 22026 | Orc:2    | Entered Level 2 of the Orcish Mines
 22049 | Orc:2    | Noticed Manul's ghost (journeyman VSAs)
 22118 | Orc:2    | Killed Manul's ghost
 22217 | Orc:2    | Found a staircase to the Elven Halls.
 22615 | Orc:2    | Found Sicec's Food Emporium.
 22626 | Orc:2    | Found Pofaurhe's General Store.
 22724 | Orc:2    | Found Zawiubis's Antique Weapon Boutique.
 23016 | Orc:2    | Reached skill level 14 in Fighting
 23016 | Orc:2    | Reached skill level 10 in Spellcasting
 23247 | Orc:2    | Upgraded the game from 0.21.0 to 0.21.0-3-g78d12a8bdd
 23308 | Orc:2    | Found Xowing's Gadget Boutique.
 23308 | Orc:2    | Found Moxte's Antique Armour Shop.
 23308 | Orc:2    | Found a one-way gate leading to the halls of Pandemonium.
 23312 | Orc:2    | Bought an embroidered hat for 168 gold pieces
 23637 | Swamp:1  | Entered Level 1 of the Swamp
 24584 | D:13     | Noticed Nessos
 24591 | D:13     | Killed Nessos
 24894 | D:14     | Found Daikorch's Antique Weapon Shop.
 25369 | D:14     | Reached XP level 16. HP: 107/107 MP: 24/30
 25802 | D:14     | Identified the ring "Zuuqaufre" {rCorr Int+2 Stlth+} (You found it on level 14 of the Dungeon)
 25970 | D:14     | Found a gate to the Vaults.
 26456 | D:15     | Entered Level 15 of the Dungeon
 26456 | D:15     | Found a staircase to the Depths.
 26495 | D:15     | Found a labyrinth entrance.
 26515 | Lab      | Entered a labyrinth
 26897 | Lab      | Found an exit through the horrors of the Abyss.
 26996 | Lab      | Got an encrusted spear {drain}
 26996 | Lab      | Got a turquoise-encrusted chain mail
 27000 | Lab      | Got a smoking bone ring
 27004 | Lab      | Identified the ring "Leedimuo" {*Drain rElec rC+++ rN+ Stlth+} (You found it in a labyrinth)
 27019 | Lab      | Identified the cursed +0 chain mail of Baldness {rElec rC+ rN+} (You took it off a minotaur in a labyrinth)
 27041 | Lab      | Identified the cursed +0 spear "Erchetown" {drain, rF+ Int+7 Dex-3 SInv} (You took it off a minotaur in a labyrinth)
 27293 | D:15     | Reached skill level 15 in Fighting
 28739 | Swamp:1  | Identified Gaakh's Almanac of the Frigorific Oath
 28748 | Swamp:1  | Learned a level 6 spell: Simulacrum
 28791 | Swamp:1  | Reached skill level 10 in Evocations
 29242 | Swamp:2  | Reached skill level 1 in Ice Magic
 29531 | Spider:1 | Entered Level 1 of the Spider Nest
 30532 | Spider:2 | Reached skill level 10 in Necromancy
 30809 | Spider:2 | Noticed Roxanne
 30822 | Spider:2 | Reached XP level 17. HP: 106/113 MP: 15/32
 30902 | Spider:2 | Killed Roxanne
 30907 | Spider:2 | Identified Roxanne's Tome of Shape Shifting (You took it off Roxanne on level 2 of the Spider Nest)
 30916 | Spider:2 | Learned a level 6 spell: Statue Form
 32337 | Spider:3 | Identified the +5 mace of the Common Good {holy, rPois} (You found it on level 3 of the Spider Nest)
 32377 | Spider:3 | Reached skill level 5 in Ice Magic
 32428 | Spider:3 | Reached skill level 16 in Fighting
 32588 | Spider:3 | Reached skill level 5 in Dodging
 33058 | Spider:4 | Entered Level 4 of the Spider Nest
 35113 | Spider:4 | Reached XP level 18. HP: 122/122 MP: 19/33
 35488 | Spider:4 | Got a gossamer rune of Zot
 36598 | Swamp:2  | Reached skill level 1 in Polearms
 38012 | Swamp:4  | Entered Level 4 of the Swamp
 38664 | Swamp:4  | Noticed Kloppie's ghost (adept MiFi)
 38963 | Swamp:4  | Killed Kloppie's ghost
 39188 | Swamp:4  | Reached skill level 17 in Fighting
 39214 | Swamp:4  | Reached skill level 1 in Staves
 39218 | Swamp:4  | Noticed the 27-headed Lernaean hydra
 39234 | Swamp:4  | Killed the 27-headed Lernaean hydra
 39347 | Swamp:4  | Got a decaying rune of Zot
 39915 | Vaults:1 | Entered Level 1 of the Vaults
 39957 | Vaults:1 | Reached skill level 10 in Ice Magic
 39975 | Vaults:1 | Found Inalu's Jewellery Shoppe.
 40067 | Vaults:1 | Found Fuim's Jewellery Shop.
 40073 | Vaults:1 | Reached XP level 19. HP: 128/128 MP: 11/34
 40091 | Vaults:1 | Found Myaxkeck's Book Boutique.
 40101 | Vaults:1 | Bought a book of Summonings for 1050 gold pieces
 40107 | Vaults:1 | Learned a level 5 spell: Aura of Abjuration
 40115 | Vaults:1 | Found Roem's Armour Boutique.
 41147 | Vaults:1 | Found Yvorha's Book Shoppe.
 41160 | Vaults:1 | Bought the Grimoire of Ensnaring Sinister Secrets for 1026 gold pieces
 41167 | Vaults:1 | Learned a level 5 spell: Dispel Undead
 41494 | Vaults:1 | Learned a level 2 spell: Blink
 41728 | Vaults:2 | Reached skill level 5 in Staves
 42016 | Vaults:2 | Reached XP level 20. HP: 104/136 MP: 17/36
 42258 | Vaults:2 | Found Qinemusa's Gadget Shoppe.
 42280 | Vaults:2 | Reached skill level 18 in Fighting
 43065 | Vaults:2 | Found Nysm's Assorted Antiques.
 43073 | Vaults:2 | Bought a scroll labeled TUSOIG WUMN for 45 gold pieces
 43505 | Vaults:3 | Learned a level 4 spell: Animate Dead
 43785 | Vaults:3 | Identified the Volume of the Sturgeon
 43850 | Vaults:3 | Noticed Boris
 43863 | Vaults:3 | Killed Boris
 44526 | Vaults:3 | Reached XP level 21. HP: 107/142 MP: 14/38
 44873 | Vaults:3 | Found a staircase to the Crypt.
 45037 | Vaults:3 | Noticed Bai Suzhen
 45063 | Vaults:3 | Killed Bai Suzhen
 46737 | Vaults:4 | Reached skill level 19 in Fighting
 47815 | Slime:1  | Entered Level 1 of the Pits of Slime
 47825 | Lair:6   | Learned a level 5 spell: Bolt of Draining
 48269 | Depths:1 | Entered Level 1 of the Depths
 48273 | Depths:1 | Reached skill level 1 in Conjurations
 48276 | Depths:1 | Noticed a Brimstone Fiend
 48647 | Elf:1    | Entered Level 1 of the Elven Halls
 48692 | Elf:1    | Reached XP level 22. HP: 118/149 MP: 24/40
 48945 | Elf:1    | Paralysed by a floating eye for 4 turns
 50264 | Elf:2    | Reached skill level 5 in Conjurations
 50376 | Elf:2    | Found a ruined gateway.
 50390 | Desolati | Entered the Desolation of Salt
 50523 | Desolati | Identified the amulet "Enio" {Gourm rElec rC+ MR+ Dex-5 Stlth+} (You found it in the Desolation of Salt)
 50524 | Desolati | Identified the Collected Works on Hurtful Clay
 50721 | Desolati | Identified the amulet "Tobb" {Inacc rElec Dex+4 Stlth+} (You found it in the Desolation of Salt)
 50725 | Desolati | Identified the +0 robe of Baldness {MP+9} (You found it in the Desolation of Salt)
 50800 | Desolati | Reached skill level 10 in Staves
 50826 | Desolati | Reached skill level 15 in Spellcasting
 50917 | Desolati | Identified Sif Muna's Handbook of Ignition and Transformation
 50924 | Desolati | Identified the ring "Bais" {rPois Int+4 Dex+2} (You found it in the Desolation of Salt)
 50932 | Desolati | Identified the Catalogue of Cankerous Clay
 51474 | Elf:2    | Found a runed gate.
 51474 | Elf:2    | Found a runed gate.
 51474 | Elf:2    | Found a runed gate.
 51617 | Elf:3    | Entered Level 3 of the Elven Halls
 51715 | Elf:3    | Reached XP level 23. HP: 156/156 MP: 22/42
 51756 | Elf:3    | Reached skill level 20 in Fighting
 52694 | Elf:3    | Identified Midaziok's Catalogue of the Glacier
 52697 | Elf:3    | Identified the Incunabulum of the Traveller and Venom
 52708 | Elf:3    | Identified the amulet of Xenemul {rF- rN+ Regen+ Str+2 Dex+2} (You found it on level 3 of the Elven Halls)
 52731 | Elf:3    | Identified the +1 leather armour "Akhi" {*Slow Str+10 Int-4 Dex+8} (You took it off a deep elf death mage on level 3 of the Elven Halls)
 53416 | Slime:2  | Gained mutation: You are frail. (-10% HP) [a shining eye]
 53418 | Slime:2  | Gained mutation: You expend magic power (3 MP) to strengthen your wands. [a shining eye]
 53429 | Slime:2  | Lost mutation: You expend magic power (3 MP) to strengthen your wands. [potion of mutation]
 53429 | Slime:2  | Lost mutation: You are frail. (-10% HP) [potion of mutation]
 53429 | Slime:2  | Gained mutation: You are partially covered in large bone plates. (SH +4) [potion of mutation]
 53429 | Slime:2  | Gained mutation: Your movements are slightly less encumbered by armour. (ER -2) [potion of mutation]
 53949 | Slime:5  | Entered Level 5 of the Pits of Slime
 54400 | Slime:5  | Learned a level 6 spell: Iron Shot
 54440 | Slime:5  | Found a viscous altar of Jiyva.
 54441 | Slime:5  | Noticed the Royal Jelly
 54446 | Slime:5  | Paralysed by a great orb of eyes for 2 turns
 54453 | Slime:5  | Killed the Royal Jelly
 54456 | Slime:5  | Got a slimy rune of Zot
 54458 | Slime:5  | Found the +8 mithril axe "Arga" {speed, MR+}
 54458 | Slime:5  | Found the +6 shillelagh "Devastator" {shatter}
 55279 | Slime:5  | Reached XP level 24. HP: 164/164 MP: 23/43
 55578 | Slime:5  | Got a transparent bone ring
 55583 | Slime:5  | Identified the ring "Taihus" {rF+ rC+ Dex+2} (You found it on level 5 of the Pits of Slime)
 55585 | Slime:5  | Identified the Guide on Frigorific Enhancements
 56798 | Crypt:1  | Entered Level 1 of the Crypt
 56908 | Crypt:1  | Paralysed by a vampire knight for 6 turns
 58915 | Crypt:3  | Entered Level 3 of the Crypt
 59363 | Crypt:3  | Found a basalt altar of Yredelemnul.
 60533 | Crypt:3  | Noticed Jory
 60879 | Crypt:3  | Reached XP level 25. HP: 169/169 MP: 15/45
 60949 | Crypt:3  | Killed Jory
 60975 | Crypt:3  | Reached skill level 10 in Conjurations
 61446 | Crypt:3  | Identified Moept's Compendium of Igneous Talismans
 61495 | Crypt:3  | Found a staircase to the Tomb.
 61988 | Crypt:3  | Reached skill level 15 in Evocations
 63365 | Depths:1 | Found a gateway to Hell.
 65263 | Depths:2 | Noticed a caustic shrike
 65268 | Depths:2 | Identified the ring of the Equinox {*Contam +Fly MR- Str+3 SInv} (You took it off a deep elf annihilator on level 2 of the Depths)
 65282 | Depths:2 | Killed a caustic shrike
 65282 | Depths:2 | Reached XP level 26. HP: 147/175 MP: 23/46
 65765 | Depths:2 | Found a blossoming altar of Fedhas.
 65766 | Depths:2 | Found a shimmering altar of Xom.
 65769 | Depths:2 | Found a white marble altar of Elyvilon.
 66348 | Depths:3 | Noticed Margery
 66352 | Depths:3 | Killed Margery
 66352 | Depths:3 | Reached skill level 15 in Necromancy
 67408 | Vaults:2 | Bought a polished lajatang for 900 gold pieces
 67410 | Vaults:2 | Identified the cursed +1 lajatang of the Final Decision {drain, +Inv MR- Dex+9} (You bought it in a shop on level 2 of the Vaults)
 67588 | Depths:3 | Found a one-way gate to the infinite horrors of the Abyss.
 67654 | Depths:3 | Found the +27 Lear's hauberk
 67967 | Depths:3 | Learned a level 6 spell: Shadow Creatures
 68035 | Depths:3 | Noticed a juggernaut
 68050 | Depths:3 | Killed a juggernaut
 68050 | Depths:3 | Reached skill level 10 in Summonings
 68070 | Depths:3 | Noticed a juggernaut
 68077 | Depths:3 | Killed a juggernaut
 69441 | Depths:4 | Found a portal to a secret trove of treasure.
 69609 | Depths:4 | Found a gateway to a ziggurat.
 70165 | Depths:4 | Reached XP level 27. HP: 181/181 MP: 25/46
 70509 | Depths:5 | Entered Level 5 of the Depths
 71768 | Depths:5 | Found a gate to the Realm of Zot.
 71806 | Depths:5 | Reached skill level 21 in Fighting
 71911 | Zot:1    | Entered Level 1 of the Realm of Zot
 73033 | Zot:5    | Entered Level 5 of the Realm of Zot
 73428 | Zot:5    | Noticed an ancient lich
 73433 | Zot:5    | Killed an ancient lich
 74669 | Zot:5    | Noticed an orb of fire
 74709 | Zot:5    | Noticed an orb of fire
 75013 | Zot:5    | Noticed an ancient lich
 75311 | Zot:5    | Gained mutation: You occasionally shout uncontrollably at your foes. [an orb of fire]
 75316 | Zot:5    | Gained mutation: You do not regenerate when monsters are visible. [an orb of fire]
 75327 | Zot:5    | Gained mutation: You are weak. (Str -2) [an orb of fire]
 75328 | Zot:5    | Killed from afar by an orb of fire

Skill      XL: |  1  2  3  4  5  6  7  8  9 10 11 12 13 14 15 16 17 18 19 20 21 22 23 24 25 26 27 |
---------------+----------------------------------------------------------------------------------+-----
Fighting       | 1 2 3 4 5 6 8 10 12 13 14 15 16 17 18 19 20 21 | 21.7
Necromancy     | 5 6 7 8 9 10 11 12 13 14 15 | 15.3
Short Blades   | 1 |  1.3
Spellcasting   | 3 4 5 7 9 10 11 12 13 14 15 16 18 19 20 | 20.6
Evocations     | 2 4 5 7 8 10 11 12 14 16 17 19 | 19.1
Summonings     | 2 4 5 6 7 8 9 10 12 | 12.6
Armour         | 1 3 4 6 8 |  8.7
Earth Magic    | 5 8 10 11 12 | 12.0
Air Magic      | 5 7 |  7.3
Ice Magic      | 3 7 10 | 10.4
Dodging        | 3 7 |  7.8
Polearms       | 2 |  2.3
Staves         | 2 5 7 8 10 11 12 13 | 13.4
Conjurations   | 1 5 6 9 10 | 10.7
Stealth        | |  2.6

Action                   |  1- 3 |  4- 6 |  7- 9 | 10-12 | 13-15 | 16-18 | 19-21 | 22-24 | 25-27 || total
-------------------------+-------+-------+-------+-------+-------+-------+-------+-------+-------++-------
Melee: Short sword       |     7 |       |       |       |       |       |       |       |       ||     7
       Rapier            |       |    49 |   137 |   263 |       |       |       |       |       ||   449
       Staff             |       |       |     7 |    64 |   259 |   275 |    81 |   225 |   156 ||  1067
       Demon trident     |       |       |       |       |       |   215 |    17 |    36 |       ||   268
       Quarterstaff      |       |       |       |       |       |     7 |    61 |    19 |       ||    87
 Cast: Pain              |    74 |    79 |    58 |   110 |       |     9 |       |       |       ||   330
       Animate Skeleton  |     9 |    13 |    14 |    40 |   132 |    39 |    46 |    22 |    18 ||   333
       Vampiric Draining |       |     2 |    19 |    95 |    24 |    43 |    30 |    23 |    20 ||   256
       Regeneration      |       |     1 |     8 |     7 |    35 |    29 |    29 |    19 |    19 ||   147
       Call Canine Famil |       |       |     9 |     9 |    14 |    79 |    19 |    15 |    10 ||   155
       Borgnjor's Vile C |       |       |       |    66 |   246 |   302 |   255 |   232 |   174 ||  1275
       Summon Lightning  |       |       |       |       |    62 |   229 |    88 |    56 |    29 ||   464
       Summon Butterflie |       |       |       |       |     1 |     4 |     2 |       |     1 ||     8
       Simulacrum        |       |       |       |       |       |    10 |    50 |     5 |    12 ||    77
       Dispel Undead     |       |       |       |       |       |       |    31 |   287 |    98 ||   416
       Animate Dead      |       |       |       |       |       |       |    26 |    32 |    52 ||   110
       Blink             |       |       |       |       |       |       |     2 |     7 |     8 ||    17
       Aura of Abjuratio |       |       |       |       |       |       |     5 |     8 |     3 ||    16
       Bolt of Draining  |       |       |       |       |       |       |     4 |   116 |   343 ||   463
       Iron Shot         |       |       |       |       |       |       |       |     3 |   113 ||   116
       Apportation       |       |       |       |       |       |       |       |     1 |     1 ||     2
       Shadow Creatures  |       |       |       |       |       |       |       |       |    55 ||    55
Evoke: Wand              |       |       |    12 |    12 |     5 |    33 |     4 |       |     5 ||    71
       Staff of energy   |       |       |       |    30 |   343 |   502 |   467 |   401 |   462 ||  2205
       Box of beasts     |       |       |       |       |     2 |       |     1 |       |     2 ||     5
       Lamp of fire      |       |       |       |       |     1 |     3 |     2 |     1 |       ||     7
       Sack of spiders   |       |       |       |       |       |     2 |       |       |       ||     2
       Phantom mirror    |       |       |       |       |       |       |       |     1 |       ||     1
       Phial of floods   |       |       |       |       |       |       |       |       |     1 ||     1
  Use: Scroll            |     4 |    18 |     5 |    10 |    12 |    32 |     9 |    20 |    15 ||   125
       Potion            |       |     1 |     2 |     2 |     7 |     4 |     4 |     8 |    11 ||    39
 Stab: Sleeping          |       |     1 |       |     3 |     1 |     1 |     1 |     1 |     1 ||     9
       Distracted        |       |       |     2 |     5 |     5 |    13 |     6 |     4 |     6 ||    41
       Petrified         |       |       |       |       |     2 |       |       |       |       ||     2
  Eat: Chunk             |    15 |    10 |    20 |    28 |    49 |    58 |    40 |    41 |    27 ||   288
       Ration            |       |       |       |       |       |    14 |     5 |     9 |    23 ||    51
Armor: Robe              |       |    14 |    20 |       |       |       |       |       |       ||    34
       Skin              |       |       |    10 |       |       |       |       |       |       ||    10
       Leather armour    |       |       |    17 |   186 |    44 |       |       |       |       ||   247
       Swamp dragon scal |       |       |       |       |   175 |   689 |   192 |   325 |   304 ||  1685
Dodge: Dodged            |     9 |    73 |   140 |   400 |   308 |   664 |   221 |   341 |   371 ||  2527
Block: Other             |       |       |       |       |       |       |       |    44 |    69 ||   113
